 Dungeon Crawl Stone Soup version 0.23.2-1-ga50397a (webtiles) character file.

Game seed: 10680312716589396242

710 dvd the Gusty (level 7, 0/37 HPs)
             Began as a Tengu Air Elementalist on May 24, 2019.
             Slain by a mummy (20 damage)
             ... in an ossuary.
             The game lasted 00:12:12 (4549 turns).

dvd the Gusty (Tengu Air Elementalist)              Turns: 4549, Time: 00:12:13

Health: 0/37       AC:  3    Str:  8    XL:     7   Next: 68%
Magic:  1/15       EV: 16    Int: 17    God:
Gold:   203        SH:  0    Dex: 15    Spells: 10/15 levels left

rFire    . . .     SeeInvis +   n - +2 dagger (elec)
rCold    . . .     Gourm    .   (no shield)
rNeg     . . .     Faith    .   a - +0 robe
rPois    .         Spirit   .   (helmet restricted)
rElec    .         Reflect  .   k - +0 cloak
rCorr    .         Harm     .   (no gloves)
MR       .....                  (boots unavailable)
Stlth    ++........             (no amulet)
HPRegen  0.12/turn              m - ring of see invisible
MPRegen  0.14/turn              (no ring)

@: flying quickly and evasively, quick
A: beak, talons 3, able to fly
a: Stop Flying


You were in an ossuary.
You were very hungry.

You visited 2 branches of the dungeon, and saw 5 of its levels.
You also visited: Ossuary.

You collected 203 gold pieces.

Inventory:

Hand Weapons
 b - a +0 dagger of venom
 n - a +2 dagger of electrocution (weapon)
Armour
 a - a +0 robe (worn)
 k - a +0 cloak (worn)
Jewellery
 m - a ring of see invisible (left hand)
Scrolls
 e - 3 scrolls of identify
 f - 2 scrolls of remove curse
 g - a scroll of fog
 j - a scroll of teleportation
 q - 2 scrolls of enchant weapon
Potions
 d - 2 potions of cancellation {unknown}
 i - a potion of ambrosia
 l - 2 potions of brilliance {unknown}
 o - a potion of degeneration {unknown}
 r - a potion of curing
 s - a potion of resistance {unknown}
Comestibles
 c - 7 rations


   Skills:
 + Level 0.7 Fighting
 + Level 0.2 Short Blades
 + Level 3.1 Dodging
 + Level 2.9 Stealth
 + Level 4.9 Spellcasting
 + Level 4.9 Conjurations
 + Level 6.9 Air Magic


You had 10 spell levels left.
You knew the following spells:

 Your Spells              Type           Power        Failure   Level  Hunger
a - Shock                 Conj/Air       ###.         1%          1    None
b - Airstrike             Air            ####......   9%          4    ####...

Your spell library contained the following spells:

 Spells                   Type           Power        Failure   Level  Hunger
 Static Discharge         Conj/Air       ###.....     3%          3    ###....
 Swiftness                Chrm/Air       ###.....     5%          2    #......
 Lightning Bolt           Conj/Air       ###.......   34%         5    ######.


Dungeon Overview and Level Annotations

Branches:
Dungeon (4/15)             Temple (1/1) D:4

Altars:
Ashenzari
Cheibriados
Dithmenos
Elyvilon
Hepliaklqana
Makhleb
Qazlal
Wu Jian
Xom
Yredelemnul
Zin
The Shining One

Annotations:
D:4 4 runed translucent doors, 1 transporter, Valentain's ghost, novice MfFi


Innate Abilities, Weirdness & Mutations

You have a beak for a mouth.
You have claws for feet.
You can fly continuously.


Message History

The mummy is moderately damaged.
The zap hits the mummy but does no damage.
The mummy is severely damaged.
Casting: Shock (safe; 1% risk of failure)
Confirm with . or Enter, or press ? or * to list all spells.
Aiming: Shock (safe; 1% risk of failure)
Press: ? - help, Shift-Dir - straight line The zap hits the mummy!
You destroy the mummy!
Unknown command.
You barely miss the mummy. Your kick misses the mummy.
The mummy is moderately damaged.
The mummy barely misses you.
You hit the mummy.
The mummy is heavily damaged.
You barely miss the mummy. You peck the mummy, but do no damage.
The mummy is heavily damaged.
The mummy hits you!!
Ouch! That really hurt!
You die...

#...# #ZZ# #..
#...#............#..
#...#Z####.......#..
#...# #MZ.....#Z.
#...# #.......#..
#...# #.∩.....#Z.
#...# ....+####..
#...# #...# #..
#..@# #..
#.M.##############..
#.....Z.............
#......Z..∩∩........
####################


You could see a mummy.

Vanquished Creatures
  2 elf zombies (Ossuary)
  A centaur zombie (Ossuary)
  3 orc priests
  4 orc wizards
  3 worker ants
  A mummy (Ossuary)
  8 gnolls (D:3)
  A howler monkey skeleton (D:4)
  6 adders
  2 adder zombies
  2 worms
  A dart slug (D:2)
  A leopard gecko (D:3)
  8 orcs
  9 bats
  6 giant cockroaches
  8 goblins
  7 hobgoblins
  9 jackals
  6 kobolds
  2 quokkas
  2 frilled lizards
  A goblin zombie (Ossuary)
  11 hobgoblin zombies (Ossuary)
  A jackal zombie (Ossuary)
  10 kobold zombies (Ossuary)
  9 orc zombies (Ossuary)
  7 rats
131 creatures vanquished.

Notes
Turn   | Place    | Note
-------+----------+-------------------------------------------
     0 | D:1      | dvd the Tengu Air Elementalist began the quest for the Orb.
     0 | D:1      | Reached XP level 1. HP: 10/10 MP: 4/4
   331 | D:1      | Reached XP level 2. HP: 15/15 MP: 3/6
  1179 | D:2      | Reached skill level 5 in Air Magic
  1179 | D:2      | Reached XP level 3. HP: 12/19 MP: 4/7
  1962 | D:2      | Reached XP level 4. HP: 24/24 MP: 6/8
  1974 | D:2      | Found a shattered altar of Ashenzari.
  2284 | D:2      | Learned a level 4 spell: Airstrike
  2364 | D:3      | Gained mutation: You can fly continuously. [Tengu growth]
  2364 | D:3      | Reached XP level 5. HP: 20/28 MP: 0/10
  2842 | D:3      | Reached XP level 6. HP: 32/32 MP: 3/11
  3095 | D:3      | Reached skill level 6 in Air Magic
  3550 | D:4      | Found a large runed translucent door.
  3551 | D:4      | Found a large runed translucent door.
  3557 | D:4      | Noticed an ice beast
  3562 | D:4      | Found a large runed translucent door.
  3562 | D:4      | Found a large runed translucent door.
  3596 | D:4      | Reached XP level 7. HP: 32/37 MP: 4/14
  3662 | D:4      | Found a staircase to the Ecumenical Temple.
  3671 | Temple   | Entered the Ecumenical Temple
  3892 | D:4      | Found a transporter.
  3895 | D:4      | Noticed Valentain's ghost (novice MfFi)
  3991 | D:4      | Found a sand-covered staircase.
  4031 | Ossuary  | Entered an ossuary
  4549 | Ossuary  | Slain by a mummy

Skill      XL: |  1  2  3  4  5  6 |
---------------+-------------------+-----
Air Magic      | 5 6 |  6.9
Conjurations   | 2 3 4 |  4.9
Spellcasting   | 3 4 |  4.9
Dodging        | 3 |  3.1
Fighting       | |  0.7
Short Blades   | |  0.2
Stealth        | |  2.9

Action                   |  1- 3 |  4- 6 |  7- 9 || total
-------------------------+-------+-------+-------++-------
Melee: Dagger            |    10 |    18 |    21 ||    49
       Peck              |     1 |     2 |     7 ||    10
       Kick              |       |       |     6 ||     6
 Cast: Shock             |    72 |   102 |    72 ||   246
       Airstrike         |       |     2 |     1 ||     3
 Abil: Fly               |       |     1 |       ||     1
  Use: Potion            |     1 |       |       ||     1
       Scroll            |       |       |     7 ||     7
 Stab: Sleeping          |       |     1 |       ||     1
  Eat: Chunk             |     3 |     7 |     2 ||    12
Armor: Robe              |     9 |     8 |     4 ||    21
Dodge: Dodged            |    29 |    19 |    32 ||    80
